 Dungeon Crawl Stone Soup version 0.28-a0-1493-g08698888e4 (webtiles) character file.

Game seed: 2031534504966675738

137 knot the Chopper (level 5, 37/41 HPs)
             Began as a Demonspawn Berserker on Jan 13, 2022.
             Was a Believer of Trog.
             Quit the game on level 3 of the Dungeon.
             The game lasted 00:04:45 (3085 turns).

knot the Chopper (Demonspawn Berserker)             Turns: 3085, Time: 00:04:46

Health: 37/41      AC:  5    Str: 17    XL:     5   Next: 0%
Magic:  5/5        EV: 11    Int: 10    God:    Trog [**....]
Gold:   135        SH:  0    Dex: 13    Spells: 4/4 levels left

rFire   . . .      SeeInvis .   a - +0 hand axe
rCold   . . .      Faith    .   (no shield)
rNeg    . . .      Spirit   .   r - +0 ring mail
rPois   .          Reflect  .   (helmet restricted)
rElec   .          Harm     .   (no cloak)
rCorr   .          Rampage  .   (no gloves)
Will    .....                   (no boots)
Stlth   +.........              (no amulet)
HPRegen 0.13/turn               (no ring)
MPRegen 0.09/turn               (no ring)

@: no status effects
A: antennae 1, ignite blood 1
a: Renounce Religion, Berserk, Trog's Hand


You were on level 3 of the Dungeon.
You worshipped Trog.
Trog was pleased with you.
You visited 1 branch of the dungeon, and saw 3 of its levels.

You collected 135 gold pieces.

Inventory:

Hand Weapons
 a - a +0 hand axe (weapon)
Missiles
 g - 68 stones
 h - 12 poisoned darts (quivered)
Armour
 r - a +0 ring mail (worn)
Scrolls
 b - a scroll of amnesia {unknown}
 i - a scroll of enchant armour {unknown}
 l - a scroll of identify {unknown}
 o - a scroll of vulnerability {unknown}
 p - a scroll of immolation {unknown}
 q - a scroll of holy word {unknown}
Potions
 c - a potion of might {unknown}
 d - a potion of brilliance {unknown}
 e - a potion of mutation {unknown}
 f - 4 potions of curing {unknown}
 j - a potion of cancellation {unknown}
 k - a potion of magic {unknown}
 m - a potion of haste {unknown}
 n - a potion of lignification {unknown}


   Skills:
 - Level 3.0 Fighting
 * Level 4.5 Axes
 * Level 2.2 Throwing
 - Level 1.7 Armour
 - Level 1.7 Dodging


You had 4 spell levels left.
You didn't know any spells.
Your spell library was empty.

Dungeon Overview and Level Annotations

Branches:
Dungeon (3/15)

Altars:
Elyvilon
Qazlal


Innate Abilities, Weirdness & Mutations

You have a pair of small antennae on your head.
Your demonic aura sometimes causes spilled blood to erupt in flames.


Message History

The adder is lightly wounded.
The adder bites you but does no damage. The adder barely misses you.
You miss the adder.
The adder is moderately wounded.
The adder closely misses you.
You slash the adder!
You kill the adder!
Trog accepts your kill.
No target in view!
No target in view!
h - 14 poisoned darts (gained 1)
g - 68 stones (gained 7)
A kobold comes into view. It is wielding a +0 dagger.
The kobold shouts!
A kobold is nearby!
Throw: 14 darts (poison)
Press: ? - help, Q - select action, (/) - cycle Shift-Dir - straight line, f - kobold
Aim: a kobold, wielding a +0 dagger and quivering stones (51% to hit)
You throw a poisoned dart. The poisoned dart hits the kobold.
The kobold is poisoned.
The kobold throws a stone.
The stone hits you but does no damage.
Throw: 13 darts (poison)
Press: ? - help, Q - select action, (/) - cycle Shift-Dir - straight line, f/p - kobold
Aim: a kobold, wielding a +0 dagger and quivering stones (poisoned, 51% to hit)
You throw a poisoned dart. The poisoned dart hits the kobold.
The kobold looks even sicker.
You barely miss the kobold. The kobold hits you with a +0 dagger.
You barely miss the kobold.
The kobold is severely wounded.
The kobold hits you but does no damage.
You hit the kobold.
You kill the kobold!
Trog accepts your kill.
You have reached level 5!
Your demonic ancestry asserts itself...
Your blood heats up.
Okay, then.
Unknown command.
Unknown command.
Are you sure you want to abandon this character and quit the game? (Confirm with "yes".)

#. # ##.# ## .##
#... #. ####.## #...
### #. #.....# #...
.. #.##.##..# #### #
#( #.....#.##
....##)####........#
.......@...........#
...###.####........#
#. ##...###.#
..######.## #.#
####.....#####.#####
##.....#......##..
##.................
#...≈≈≈....##.##...
#..≈≈≈≈≈...##.##.##


There were no monsters in sight!

Vanquished Creatures
  An orc priest (D:3)
  2 gnolls (D:2)
  4 adders
  A dart slug (D:1)
  4 orcs (D:3)
  7 endoplasms
  A giant cockroach (D:1)
  2 goblins
  2 hobgoblins (D:3)
  5 kobolds
  5 quokkas
  5 ball pythons
  3 bats
  2 frilled lizards
  4 rats
48 creatures vanquished.

Notes
Turn   | Place    | Note
-------+----------+-------------------------------------------
     0 | D:1      | knot the Demonspawn Berserker began the quest for the Orb.
     0 | D:1      | Reached XP level 1. HP: 18/18 MP: 1/1
    50 | D:1      | Reached skill level 3 in Axes
   298 | D:1      | Gained mutation: You have a pair of small antennae on your
                  | head. [demonic ancestry]
   298 | D:1      | Reached XP level 2. HP: 24/24 MP: 2/2
   624 | D:1      | Found a faded altar of an unknown god.
  1812 | D:2      | Found a stormy altar of Qazlal.
  1917 | D:2      | Reached ** piety under Trog
  1922 | D:2      | Reached XP level 3. HP: 26/29 MP: 3/3
  2340 | D:3      | Reached skill level 1 in Throwing
  2350 | D:2      | Reached skill level 4 in Axes
  2580 | D:2      | Reached XP level 4. HP: 35/35 MP: 4/4
  3085 | D:3      | Gained mutation: Your demonic aura sometimes causes spilled
                  | blood to erupt in flames. [demonic ancestry]
  3085 | D:3      | Reached XP level 5. HP: 37/41 MP: 5/5
  3085 | D:3      | Quit the game

Illustrated notes

Levels and vault maps discovered:
D:1:      grunt_arrival_lava_bath, layout_loops_corners,
          shapermc_ecumenical_altar_mp_highgroup
D:2:      layout_loops_ring, basic_altar
D:3:      layout_loops_cross, elyvilon_altar_3, kennysheep_generic_room_9

Skill      XL: |  1  2  3  4 |
---------------+-------------+-----
Axes           | 3 4 |  4.5
Throwing       | 1 2 |  2.2
Fighting       | |  3.0
Armour         | |  1.7
Dodging        | |  1.7

Action                   |  1- 3 |  4- 6 || total
-------------------------+-------+-------++-------
Melee: Hand axe          |   117 |    33 ||   150
       Punch             |     1 |     2 ||     3
Throw: Stone             |    22 |     6 ||    28
       Dart              |     6 |     3 ||     9
Invok: Berserk           |     5 |     2 ||     7
       Trog's Hand       |     1 |       ||     1
 Stab: Sleeping          |     2 |       ||     2
       Invisible         |     1 |       ||     1
Armor: Animal skin       |    15 |       ||    15
       Leather armour    |    10 |     4 ||    14
       Ring mail         |       |     4 ||     4
Dodge: Dodged            |    83 |    15 ||    98

Table legend: (Time is in decaauts)
 A = Elapsed time spent in this place.
 B = Non-inter-level travel time spent in this place.
 C = Inter-level travel time spent in this place.
 D = Time resting spent in this place.
 E = Time spent auto-exploring this place.
 F = Levels seen in this place.
 G = Mean time per level.
                   A        B        C        D        E       F      G
               +--------+--------+--------+--------+--------+-----+--------+
         Total |   3174 |   3024 |    150 |    736 |   1848 |   3 | 1058.0 |
       Dungeon |   3174 |   3024 |    150 |    736 |   1848 |   3 | 1058.0 |
               +--------+--------+--------+--------+--------+-----+--------+

Top non-repeatable levels by time:
     D:1: 1510 daAuts
     D:2: 1186 daAuts
     D:3: 478 daAuts
